 Dungeon Crawl Stone Soup version 0.31.0-32-g396128a36d (webtiles) character file.

Game seed: 6541345174834204269

4363 Sinnott the Mimic (level 10, -1/69 HPs)
             Began as an Octopode Shapeshifter on Mar 10, 2024.
             Slain by a troll (4 damage)
             ... on level 11 of the Dungeon.
             The game lasted 00:12:01 (7328 turns).

Sinnott the Mimic (Octopode Shapeshifter)           Turns: 7328, Time: 00:12:02

Health: -1/69      AC:  5    Str: 15    XL:     10   Next: 34%
Magic:  10/10      EV: 14    Int: 16    God:
Gold:   435        SH:  0    Dex: 11    Spells: 9/9 levels left

rFire   . .          .
                       - Unarmed
rCold   . . .        (shield currently unavailable)
rNeg    + . .        (helmet restricted)
rPois   .            x - amulet of regeneration
rElec   .            N - ring of positive energy
rCorr   .            T - +4 ring of protection
SInv    .            (no ring)
Will    .....        (no ring)
Stlth   +++          (no ring)
HPRegen 1.11/turn    (no ring)
MPRegen 0.12/turn    (no ring)
                     (no ring)

%: no passive effects
@: blade tentacles
A: reduced hp, almost no armour, amphibious, 8 rings, camouflage 1, gelatinous
body 1, (nimble swimmer 1), tentacles
a: Begin Untransformation


You were on level 11 of the Dungeon.
You had blades for main tentacles.
You visited 2 branches of the dungeon, and saw 11 of its levels.
You also visited: Sewer.

You collected 435 gold pieces.


Innate Abilities, Weirdness & Mutations

You have blades for main tentacles.
Your maximum health is decreased, since you lack skill for your form.
You are incapable of wielding weapons or throwing items.
You cannot wear most types of armour.
You are amphibious.
You can wear up to eight rings at the same time.
Your skin changes colour to match your surroundings (Stealth+).
Your rubbery body absorbs attacks. (AC +1, EV +1)
((You are camouflaged when in or above water. (Stealth+)))
You have tentacles for arms and can constrict up to eight enemies at once.


   Skills:
 - Level 7.0 Fighting
 - Level 5.0 Dodging
 - Level 4.0 Stealth
 - Level 7.0 Unarmed Combat
 + Level 9.7 Shapeshifting


You had 9 spell levels left.
You didn't know any spells.
Your spell library contained the following spells:

 Spells                   Type           Power      Damage    Failure   Level
 Ensorcelled Hibernation  Hex/Ice        0%         N/A       36%         2
 Scorch                   Fire           0%         2d5       36%         2
 Fugue of the Fallen      Necr           0%         N/A       58%         3
 Anguish                  Hex/Necr       0%         N/A       94%         4
 Flame Wave               Conj/Fire      0%         2d4       94%         4
 Summon Cactus Giant      Summ           0%         N/A       100%        6

Inventory:

Missiles
 n - 25 poisoned darts (quivered)
Magical Staves
 t - a staff of air {!a}
 w - a staff of conjuration {!a}
Jewellery
 x - an amulet of regeneration (around mantle)
 N - a ring of positive energy (left blade tentacle)
 T - a +4 ring of protection (right blade tentacle)
Talismans
 b - a beast talisman
 c - a flux talisman
 A - a blade talisman (active)
Wands
 k - a wand of flame (43)
 s - a wand of roots (8)
Scrolls
 d - 6 scrolls of enchant weapon {unknown}
 g - 5 scrolls of revelation {unknown}
 m - 3 scrolls of blinking {unknown}
 o - a scroll of fear {unknown}
 q - 3 scrolls of teleportation {unknown}
 r - 2 scrolls of silence {unknown}
 v - 2 scrolls of enchant armour {unknown}
 y - a scroll of poison {unknown}
 B - a scroll of immolation
 C - a scroll of amnesia {unknown}
Potions
 a - 2 potions of lignification
 e - 5 potions of curing {@q1}
 f - 4 potions of heal wounds {@q2}
 h - 4 potions of brilliance
 i - 2 potions of mutation
 j - a potion of magic
 l - 2 potions of might
 p - 3 potions of invisibility
 u - 3 potions of haste {@q3}

Dungeon Overview and Level Annotations

Branches:
Dungeon (11/15)            Temple (1/1) D:7           Sewer (visited)
   Lair: D:8-11         Orc: D:9-12

Altars:
Ashenzari
Dithmenos
Elyvilon
Fedhas
Hepliaklqana
Makhleb
Okawaru
Ru
Trog
Uskayaw
Vehumet
Wu Jian
Xom
Yredelemnul
Zin
The Shining One

Shops:
D:4 *

Annotations:
D:10 Erica

#...............#..
#...............#..
#...............#..
#####...............#..
#.........##+###....##'
#.........# #.......
##.........# #.......
............# #.......
........@...# #.......
........T...# #.......
................
........
................
........
...........8.8.
...###..
#.............. ... #..
#............8. #..
###+###.......} #.. #..


You could see a troll.


Message History

No target in view!
No target in view!
Unknown command.
The troll shouts!
Found a sack of spiders.
The troll closely misses you. x3
You closely miss the troll. The troll bites you. The troll claws you.
The troll claws you!
You closely miss the troll. You squeeze the troll!
The troll is moderately wounded.
The troll closely misses you. x2; The troll misses you.
You hit the troll. You squeeze the troll.
The troll is moderately wounded.
The troll bites you. The troll misses you. The troll claws you!
You closely miss the troll.
The troll is moderately wounded.
The troll bites you!
* * * LOW HITPOINT WARNING * * *
The troll claws you!
* * * LOW HITPOINT WARNING * * *
The troll claws you but does no damage.
You barely miss the troll.
The troll is moderately wounded.
Unknown command.
You slash the troll!
You squeeze the troll, but do no damage.
The troll is heavily wounded.
The troll bites you!
* * * LOW HITPOINT WARNING * * *
The troll claws you.
You die...

Skill      XL: |  1  2  3  4  5  6  7  8  9 10 |
---------------+-------------------------------+-----
Fighting       | 2 4 5 6 7 |  7.0
Unarmed Combat | 4 6 7 |  7.0
Shapeshifting  | 5 6 7 8 9 |  9.7
Dodging        | 5 |  5.0
Stealth        | 4 |  4.0

Action                     |  1- 3 |  4- 6 |  7- 9 | 10-12 || total
---------------------------+-------+-------+-------+-------++-------
  Melee: Unarmed           |    65 |    90 |   304 |    32 ||   491
         Tentacles         |    11 |    22 |    82 |    10 ||   125
         Constrict         |    17 |    22 |    70 |     2 ||   111
         Punch             |     2 |     2 |     1 |       ||     5
  Throw: Dart              |       |     4 |       |       ||     4
    Use: Scroll            |       |     6 |     4 |     1 ||    11
         Potion            |       |       |     3 |       ||     3
   Stab: Sleeping          |     1 |     7 |     3 |       ||    11
 Armour: Skin              |    34 |    52 |   112 |    17 ||   215
  Dodge: Dodged            |    44 |    50 |   221 |    25 ||   340
   Form: Flux              |       |       |     1 |       ||     1
         Blade             |       |       |       |     1 ||     1

Levels and vault maps discovered:
D:1:      wander_arrival_desolate, layout_rooms, kennysheep_decorative_pillar
D:2:      layout_basic, uniq_natasha
D:3:      minmay_roachtagon, layout_loops_corners, nicolae_ru_awakened_eye
D:4:      layout_cave_pools, serial_shops, nicolae_lakefront_shop,
          kennysheep_pointless_box
D:5:      layout_cave_pools, cheibrodos_sewer_entry_sluice, chequers_arboretum,
          uniq_menkaure
D:6:      layout_basic, zin_angel, uniq_sigmund, uniq_edmund
D:7:      layout_loops_corners, minmay_temple_entry_mini_moons
D:8:      kennysheep_ambush_hall, layout_loops_ring, lemuel_flamethrower_2,
          uniq_grum, uniq_pikel
D:10:     layout_rooms, gammafunk_temple_overflow_pools,
          kennysheep_generic_room_3, uniq_erica
D:11:     layout_irregular_city, serial_shops, nicolae_shop_just_a_little_nook,
          serial_column_ruins, column_ruins_hut, column_ruins_open_tiny,
          column_ruins_columns_straight, column_ruins_grid_1,
          column_ruins_grid_1, column_ruins_grid_4
Temple:   eino_narrow_crystal_temple

Notes
Turn   | Place    | Note
-------+----------+-------------------------------------------
     0 | D:1      | Sinnott the Octopode Shapeshifter began the quest for the
                  | Orb.
     0 | D:1      | Reached XP level 1. HP: 13/13 MP: 1/1
    46 | D:1      | Reached skill level 2 in Fighting
    46 | D:1      | Reached XP level 2. HP: 10/19 MP: 2/2
   433 | D:1      | Reached XP level 3. HP: 25/25 MP: 3/3
   469 | D:1      | Reached skill level 3 in Fighting
   812 | D:2      | Noticed Natasha
   820 | D:2      | Killed Natasha
   821 | D:2      | Reached skill level 4 in Fighting
   821 | D:2      | Reached XP level 4. HP: 25/33 MP: 4/4
   940 | D:2      | Noticed Natasha
   947 | D:2      | Killed Natasha
  1368 | D:3      | Reached XP level 5. HP: 31/38 MP: 5/5
  1459 | D:3      | Noticed a centaur
  1468 | D:3      | HP: 2/38 [centaur (2)]
  1469 | D:3      | Killed a centaur
  1470 | D:3      | Reached XP level 6. HP: 3/44 MP: 6/6
  2136 | D:3      | Found a sacrificial altar of Ru.
  2171 | D:3      | Reached skill level 4 in Unarmed Combat
  2307 | D:3      | Reached skill level 4 in Shapeshifting
  2426 | D:4      | Reached skill level 5 in Fighting
  2456 | D:4      | Reached skill level 5 in Shapeshifting
  2456 | D:4      | Reached XP level 7. HP: 5/50 MP: 7/7
  2898 | D:4      | Reached skill level 6 in Shapeshifting
  3218 | D:4      | Found Memulec's General Store.
  3308 | D:5      | Entered Level 5 of the Dungeon
  3343 | D:5      | Found a glowing drain.
  3369 | Sewer    | Entered a sewer
  3541 | Sewer    | Reached XP level 8. HP: 51/55 MP: 8/8
  3835 | D:5      | Reached skill level 7 in Shapeshifting
  4232 | D:5      | Noticed Menkaure
  4265 | D:5      | Killed Menkaure
  4266 | D:5      | Reached skill level 5 in Unarmed Combat
  4479 | D:5      | Reached skill level 6 in Fighting
  4805 | D:6      | Noticed Edmund
  4811 | D:6      | Killed Edmund
  4874 | D:6      | Reached skill level 6 in Unarmed Combat
  4900 | D:6      | Identified a potion of resistance
  5020 | D:6      | Reached XP level 9. HP: 60/63 MP: 9/9
  5113 | D:6      | Reached skill level 7 in Fighting
  5268 | D:6      | Noticed Sigmund
  5274 | D:6      | Killed Sigmund
  5275 | D:6      | Reached skill level 7 in Unarmed Combat
  5280 | D:6      | Reached skill level 3 in Dodging
  5488 | D:6      | Found a glowing silver altar of Zin.
  5488 | D:6      | Noticed an angel
  6007 | D:7      | Found a staircase to the Ecumenical Temple.
  6032 | Temple   | Entered the Ecumenical Temple
  6079 | D:7      | Identified the +6 long sword of Paunojeu {chaos, rF+ rN++
                  | Str+3 Int-2}
  6169 | D:7      | Reached skill level 4 in Dodging
  6193 | D:7      | Reached skill level 1 in Stealth
  6317 | D:7      | Reached skill level 2 in Stealth
  6680 | D:7      | Reached skill level 3 in Stealth
  6899 | D:8      | Noticed a hornet
  6905 | D:8      | Killed a hornet
  6906 | D:8      | Reached skill level 5 in Dodging
  6906 | D:8      | Reached skill level 4 in Stealth
  6994 | D:8      | Noticed Pikel
  7014 | D:8      | Killed Pikel
  7015 | D:8      | Reached skill level 8 in Shapeshifting
  7015 | D:8      | Reached XP level 10. HP: 62/71 MP: 10/10
  7080 | D:8      | Reached skill level 9 in Shapeshifting
  7089 | D:8      | You fall into a shaft and drop 3 floors!
  7092 | D:11     | Noticed a two-headed ogre
  7100 | D:11     | HP: 4/71 [two-headed ogre/+0 dire flail (20)]
  7102 | D:11     | Killed a two-headed ogre
  7229 | D:10     | Entered Level 10 of the Dungeon
  7229 | D:10     | Noticed Erica
  7328 | D:11     | HP: 3/69 [troll (13)]
  7328 | D:11     | Slain by a troll

Vanquished Creatures
  A two-headed ogre (D:11)
  Pikel (D:8)
  A hornet (D:8)
  Sigmund (D:6)
  A wraith (D:11)
  Edmund (D:6)
  Menkaure (D:5)
  2 steam dragons
  3 water moccasins
  2 sky beasts
  An ice beast (D:8)
  2 ogres
  2 centaurs
  A lemure (D:8)
  2 bullfrogs (D:8)
  2 kobold brigands
  A gnoll sergeant (D:4)
  3 scorpions
  A howler monkey (D:5)
  2 jellies
  2 hounds
  5 bombardier beetles
  A gnoll bouda (D:7)
  5 orc priests
  A sleepcap (D:5)
  An iguana (D:3)
  Natasha (twice) (D:2)
  2 orc wizards
  6 gnolls
  7 adders
  2 river rats (D:5)
  A shadow imp (D:5)
  A white imp (D:7)
  2 ufetubi (D:6)
  2 ribbon worms (D:2)
  3 dart slugs
  21 orcs
  12 endoplasms
  13 giant cockroaches
  6 goblins
  5 hobgoblins
  5 jackals
  4 quokkas
  10 ball pythons
  11 bats
  3 frilled lizards
  19 kobolds
  5 rats
188 creatures vanquished.

Table legend: (Time is in decaauts)
 A = Elapsed time spent in this place.
 B = Non-inter-level travel time spent in this place.
 C = Inter-level travel time spent in this place.
 D = Time resting spent in this place.
 E = Time spent auto-exploring this place.
 F = Levels seen in this place.
 G = Mean time per level.
                   A        B        C        D        E       F      G
               +--------+--------+--------+--------+--------+-----+--------+
         Total |   7290 |   7069 |    221 |   1105 |   4752 |  12 |  607.5 |
       Dungeon |   6910 |   6690 |    220 |   1030 |   4552 |  10 |  691.0 |
        Temple |      1 |      1 |      0 |      0 |      0 |   1 |    1.0 |
         Sewer |    379 |    379 |      0 |     75 |    200 |   1 |  379.0 |
               +--------+--------+--------+--------+--------+-----+--------+

Top non-repeatable levels by time:
     D:6: 1185 daAuts
     D:3: 1124 daAuts
     D:5: 979 daAuts
     D:4: 929 daAuts
     D:7: 878 daAuts
     D:2: 692 daAuts
     D:1: 586 daAuts
   Sewer: 379 daAuts
     D:8: 295 daAuts
    D:11: 237 daAuts
    D:10: 1 daAuts
  Temple: 1 daAuts

Table legend:
 A = Non-vault XP
 B = Vault XP
 C = Vault XP percentage of total XP
 D = Non-vault monster count
 E = Vault monster count
 F = Vault count percentage of total count
                 A         B        C        D         E       F
            +---------+---------+-------+---------+---------+-------
      Total |    4806 |    1428 |  22.9 |     145 |      42 |  22.5
            +---------+---------+-------+---------+---------+-------
        D:1 |      45 |       0 |   0.0 |      27 |       0 |   0.0
        D:2 |      73 |      35 |  32.4 |      13 |       1 |   7.1
        D:3 |     278 |      20 |   6.7 |      22 |      10 |  31.2
        D:4 |     520 |       0 |   0.0 |      25 |       0 |   0.0
        D:5 |     530 |     202 |  27.6 |      18 |       5 |  21.7
        D:6 |     788 |     419 |  34.7 |      13 |       2 |  13.3
        D:7 |     796 |       0 |   0.0 |      19 |       0 |   0.0
        D:8 |     746 |     593 |  44.3 |       6 |       1 |  14.3
       D:11 |    1030 |       0 |   0.0 |       2 |       0 |   0.0
      Sewer |       0 |     159 | 100.0 |       0 |      23 | 100.0
            +---------+---------+-------+---------+---------+-------
